 Dungeon Crawl Stone Soup version 0.20-a0-1089-g3fde505 (webtiles) character file.

25167 Monsterracer the Grappler (level 12, -19/118 HPs)
             Began as a Troll Monk on May 3, 2017.
             Was a Follower of Ru.
             Killed from afar by a frost giant (26 damage)
             ... with a bolt of cold
             ... in an ice cave.
             The game lasted 00:40:43 (13513 turns).

Monsterracer the Grappler (Troll Monk)             Turns: 13513, Time: 00:40:44

Health: -19/118    AC: 14    Str: 24    XL:     12   Next: 87%
Magic:  11/11      EV: 11    Int:  6    God:    Ru [*.....]
Gold:   892        SH: 10    Dex: 12    Spells: 11/11 levels left

rFire    . . .     SeeInvis +     - Unarmed
rCold    . . .     Gourm    +   j - +0 shield
rNeg     . . .     Faith    .   c - +0 swamp dragon scales
rPois    +         Spirit   .   (helmet restricted)
rElec    .         Reflect  .   s - +1 cloak
rCorr    .         Harm     .   (gloves unavailable)
MR       .....                  (boots unavailable)
Stlth    +.........             (no amulet)
Regen    0.7/turn               o - ring of flight
MPRegen  0.2/turn               u - ring of see invisible

@: very slightly contaminated
A: unfitting armour, antennae 1, claws 3, fast metabolism 3, gourmand, mutation
resistance 1, regeneration 1, shaggy fur 1, tough skin 2, weak 1, no ice magic,
no necromancy magic, no translocations magic
a: Renounce Religion, Evoke Flight


You were in an ice cave.
You worshipped Ru.
Ru was aware of your devotion.
You were very full.

You visited 2 branches of the dungeon, and saw 13 of its levels.
You also visited: Ossuary and Ice Cave.

You collected 892 gold pieces.

Inventory:

Missiles
 d - 303 stones (quivered)
 g - 6 tomahawks
 C - 3 steel tomahawks
Armour
 c - +0 swamp dragon scales (worn)
 f - the +5 robe of Night {Dark MR+ SInv}
   (You found it in an ice cave)

   It affects your resistance to hostile enchantments.
   It lets you see invisible.
 j - a +0 shield (worn)
 s - a +1 cloak (worn)
Jewellery
 i - an uncursed ring of teleportation
 o - a ring of flight (left claw)
 u - a ring of see invisible (right claw)
Wands
 w - a wand of polymorph (11/24)
 y - a wand of polymorph (15/24)
 A - a wand of acid (7/15)
 D - a wand of lightning (8/15)
Scrolls
 e - 7 scrolls of identify
 h - a scroll of immolation
 m - 5 scrolls of remove curse
 n - 3 scrolls of teleportation
 x - 2 scrolls of amnesia
 E - 2 scrolls of enchant armour
Potions
 a - 2 potions of mutation
 r - 2 potions of ambrosia
 t - 2 potions of invisibility
 v - 3 potions of curing
 B - 3 potions of flight
Comestibles
 b - 9 bread rations
 k - 14 royal jellies
 p - 8 meat rations
 q - 15 fruits
 F - 4 chunks of flesh


   Skills:
 + Level 7.3 Fighting
 - Level 6.0 Throwing
 + Level 6.8 Armour
 + Level 7.3 Dodging
 - Level 1.0 Stealth
 + Level 5.8 Shields
 * Level 13.7 Unarmed Combat


You had 11 spell levels left.
You didn't know any spells.

Dungeon Overview and Level Annotations

Branches:
Dungeon (10/15)            Temple (0/1) D:7            Lair (3/6) D:9
 Shoals (0/4) Lair:3        Snake (0/4) Lair:3
    Orc: D:9-12

Altars:
Ashenzari
Dithmenos
Gozag
Hepliaklqana
Kikubaaqudgha
Makhleb
Nemelex Xobeh
Qazlal
Ru
Trog
Uskayaw
Wu Jian
Xom
Yredelemnul
Zin

Shops:
D:5 :[(


Innate Abilities, Weirdness & Mutations

You are too large for most types of armour.
You have claws for hands.
Your metabolism is lightning-fast.
You like to eat raw meat.
Your natural rate of healing is unusually fast.
You are covered in fur. (AC +1)
You have very tough skin. (AC +2)
You cannot study or cast Ice magic.
You cannot study or cast Necromancy magic.
You cannot study or cast Translocations magic.
You have a pair of small antennae on your head.
You are somewhat resistant to further mutation.
You are weak. (Str -2)


Message History

The bolt of lightning hits the polar bear.
The polar bear is heavily wounded.
This wand has 8 charges left.
You hear an angry growl.
The frost giant points at you and mumbles some strange words.
The bolt of cold hits you!
* * * LOW HITPOINT WARNING * * *
The frost giant points at you and mumbles some strange words.
The bolt of cold misses you.
As you read the scroll of fog, it crumbles to dust.
The scroll dissolves into smoke.
You flicker for a moment.
You flicker back into view.
The frost giant points at you and mumbles some strange words.
The bolt of cold hits you!
* * * LOW HITPOINT WARNING * * *
Okay, then.
The frost giant casts a spell at you. The bolt of cold hits you!
You die...

##...# #..### #..###
##..# ##..#########..###
### ###h.##.[...##...#
##..
#..###...⌠./.#†.####..#
##...##....)....####....
#.§#########...## #..###
###§#######..### ##...#
##§§§@.#...# ###..####
#§§.###.#.####..### #
###§§§##C####..## #
###C{..###..## ##
#######..#### ##.
#..#..## #..
##.#...##### ##.##...##.
#######...


You could see a frost giant.

Vanquished Creatures
  Harold (Lair:2)
  A hydra (Lair:2)
  2 two-headed ogres
  2 death yaks (IceCv)
  A tengu warrior (D:10)
  An ice statue (IceCv)
  A black mamba (Lair:1)
  4 spiny frogs
  2 rime drakes
  A komodo dragon (Lair:1)
  A troll (D:10)
  12 polar bears
  3 blink frogs (Lair:1)
  3 hippogriffs
  Prince Ribbit (D:9)
  Sigmund (D:3)
  35 yaks
  A wyvern (Lair:3)
  A basilisk (Lair:2)
  Edmund (D:6)
  4 nagas
  5 water moccasins
  3 porcupines
  A black bear (D:7)
  3 orc warriors
  3 phantoms
  A sky beast (D:7)
  12 ice beasts
  6 ogres
  11 wolves
  A centaur (D:7)
  6 crocodiles
  2 elf zombies (Ossuary)
  2 gnoll sergeants
  8 bullfrogs
  2 scorpions
  13 killer bees
  4 howler monkeys
  A crimson imp (D:5)
  5 centaur zombies
  5 hounds
  A quasit (D:8)
  5 jellies
  10 orc priests
  Crazy Yiuf (D:3)
  A human zombie (Ossuary)
  3 gnoll shamans (D:5)
  Jessica (D:3)
  2 iguanas
  5 orc wizards
  4 worker ants
  A big kobold zombie (Ossuary)
  3 hound zombies
  3 mummies (Ossuary)
  A worker ant zombie (D:7)
  4 adders
  39 gnolls
  A howler monkey skeleton (D:4)
  3 shadow imps
  An ooze (D:1)
  2 adder skeletons
  4 adder zombies (Ossuary)
  3 worms
  5 leopard geckos
  44 orcs
  2 ball pythons
  5 bats
  9 giant cockroaches
  4 goblins
  3 hobgoblins
  25 jackals
  4 quokkas
  7 frilled lizards
  2 goblin zombies (Ossuary)
  4 hobgoblin zombies (Ossuary)
  4 jackal zombies
  7 kobolds
  3 kobold zombies (Ossuary)
  A quokka skeleton (D:5)
  A quokka zombie (Ossuary)
  A rat (D:3)
  6 rat zombies (Ossuary)
408 creatures vanquished.

Vanquished Creatures (collateral kills)
  A hobgoblin zombie (Ossuary)
  A rat zombie (Ossuary)
2 creatures vanquished.

Vanquished Creatures (others)
  A goblin (D:3)
  A hobgoblin (D:3)
  3 fungi
5 creatures vanquished.

Grand Total: 415 creatures vanquished

Notes
Turn   | Place    | Note
-------+----------+-------------------------------------------
     0 | D:1      | Monsterracer the Troll Monk began the quest for the Orb.
     0 | D:1      | Reached XP level 1. HP: 22/22 MP: 0/0
   201 | D:1      | Reached XP level 2. HP: 29/29 MP: 1/1
   470 | D:1      | Reached skill level 4 in Unarmed Combat
   748 | D:2      | Reached XP level 3. HP: 22/36 MP: 2/2
  1022 | D:2      | Found a faded altar of an unknown god.
  1392 | D:3      | Noticed a dagger
  1393 | D:3      | Found a hide-covered altar of Uskayaw.
  1394 | D:3      | Noticed a hand axe
  1401 | D:3      | Reached skill level 5 in Unarmed Combat
  1401 | D:3      | Reached XP level 4. HP: 37/44 MP: 3/3
  1670 | D:3      | Noticed Jessica
  1687 | D:3      | Killed Jessica
  1687 | D:3      | Reached XP level 5. HP: 32/50 MP: 4/4
  1731 | D:3      | Gained mutation: You are weak. (Str -2) [potion of mutation]
  1731 | D:3      | Gained mutation: You are somewhat resistant to further mutation. [potion of mutation]
  1731 | D:3      | Gained mutation: You have a pair of small antennae on your head. [potion of mutation]
  1756 | D:3      | Reached skill level 6 in Unarmed Combat
  1830 | D:3      | Found a stormy altar of Qazlal.
  2042 | D:3      | Noticed Sigmund
  2056 | D:3      | Killed Sigmund
  2056 | D:3      | Reached skill level 7 in Unarmed Combat
  2056 | D:3      | Reached XP level 6. HP: 36/59 MP: 5/5
  2289 | D:3      | Found a runed door.
  2307 | D:3      | Noticed Crazy Yiuf
  2310 | D:3      | Killed Crazy Yiuf
  2606 | D:4      | Found a sand-covered staircase.
  2621 | Ossuary  | Entered an ossuary
  2662 | Ossuary  | Reached skill level 8 in Unarmed Combat
  2677 | Ossuary  | Reached XP level 7. HP: 62/66 MP: 6/6
  2769 | Ossuary  | Identified a scroll of acquirement
  2986 | D:4      | Found an ornate altar of the Wu Jian Council.
  3116 | D:4      | Found a bloodstained altar of Trog.
  3272 | D:4      | Found a sparkling altar of Nemelex Xobeh.
  3419 | D:4      | Reached skill level 1 in Armour
  3448 | D:4      | Reached XP level 8. HP: 75/75 MP: 7/7
  3496 | D:4      | Found a sacrificial altar of Ru.
  3501 | D:4      | Became a worshipper of Ru the Awakened
  3506 | D:4      | Gained mutation: You cannot study or cast Ice magic. [Ru sacrifice]
  3506 | D:4      | Gained mutation: You cannot study or cast Necromancy magic. [Ru sacrifice]
  3506 | D:4      | Gained mutation: You cannot study or cast Translocations magic. [Ru sacrifice]
  3506 | D:4      | Reached * piety under Ru
  3572 | D:4      | Found a basalt altar of Yredelemnul.
  3833 | D:5      | Entered Level 5 of the Dungeon
  3861 | D:5      | Found Lepunim's Book Shop.
  4013 | D:5      | Reached skill level 1 in Throwing
  4076 | D:5      | Reached skill level 9 in Unarmed Combat
  4364 | D:5      | Found a burning altar of Makhleb.
  4449 | D:5      | Found Foman's Antique Armour Shoppe.
  4544 | D:5      | Found Moelles's Weapon Shop.
  4664 | D:5      | Found an ancient bone altar of Kikubaaqudgha.
  5388 | D:6      | Reached XP level 9. HP: 76/84 MP: 8/8
  5626 | D:6      | Reached skill level 10 in Unarmed Combat
  5676 | D:6      | Found an opulent altar of Gozag.
  5744 | D:6      | Found a shimmering altar of Xom.
  5832 | D:6      | Noticed Edmund
  5840 | D:6      | Killed Edmund
  6466 | D:7      | Found a staircase to the Ecumenical Temple.
  6619 | D:7      | Reached skill level 1 in Shields
  7381 | D:8      | Found a shadowy altar of Dithmenos.
  7433 | D:8      | Found a shattered altar of Ashenzari.
  7439 | D:8      | Found a hazy altar of Hepliaklqana.
  7773 | D:8      | Reached XP level 10. HP: 80/94 MP: 9/9
  8318 | D:9      | Noticed a two-headed ogre
  8333 | D:9      | Killed a two-headed ogre
  8333 | D:9      | Reached skill level 5 in Fighting
  8333 | D:9      | Reached skill level 5 in Dodging
  8333 | D:9      | Reached skill level 11 in Unarmed Combat
  8479 | D:9      | Noticed Prince Ribbit
  8484 | D:9      | Killed Prince Ribbit
  8550 | D:9      | Found a staircase to the Lair.
  8553 | D:9      | Found a glowing silver altar of Zin.
  8822 | D:10     | Entered Level 10 of the Dungeon
  9019 | D:10     | Noticed a tengu warrior
  9041 | D:10     | Killed a tengu warrior
  9263 | D:10     | Noticed a two-headed ogre
  9272 | D:10     | Killed a two-headed ogre
  9272 | D:10     | Reached XP level 11. HP: 80/104 MP: 10/10
  9701 | Lair:1   | Entered Level 1 of the Lair of Beasts
  9718 | Lair:1   | Reached skill level 5 in Throwing
  9723 | Lair:1   | Reached skill level 5 in Armour
  9929 | Lair:1   | Reached skill level 12 in Unarmed Combat
 10898 | Lair:2   | Noticed a four-headed hydra
 10903 | Lair:2   | Killed a four-headed hydra
 11722 | Lair:2   | Noticed Harold
 11742 | Lair:2   | Killed Harold
 11742 | Lair:2   | Reached XP level 12. HP: 66/115 MP: 11/11
 12096 | Lair:3   | Found a staircase to the Snake Pit.
 12156 | Lair:3   | Reached skill level 13 in Unarmed Combat
 12376 | Lair:3   | Found a frozen archway.
 12400 | IceCv    | Entered an ice cave
 12913 | IceCv    | Reached skill level 5 in Shields
 12950 | IceCv    | Noticed a death yak
 12966 | IceCv    | Killed a death yak
 13429 | IceCv    | Noticed a death yak
 13429 | IceCv    | Noticed a frost giant
 13458 | IceCv    | Killed a death yak
 13509 | IceCv    | HP: 4/118 [frost giant/bolt of cold (34)]
 13513 | IceCv    | Killed from afar by a frost giant

Vault maps used:
D:1:      saegor_arrival_simple_d
D:2:      first_bread, chequers_ecumenical_altar_grove,
          kennysheep_generic_room_10
D:3:      grunt_qazlal_sundering, dancing_weapons_uskayaw, lemuel_old_faithful,
          uniq_crazy_yiuf_cottage, uniq_jessica, uniq_sigmund
D:4:      kennysheep_little_box, lemuel_doored_altar, nemelex_altar_shiori,
          overflow_temple_1_default, kennysheep_mini,
          nicolae_ossuary_entry_ruins
D:5:      lemuel_castle_with_subvaults, overflow_temple_1_default,
          lemuel_crystal_altar, serial_shops, nicolae_shop_behind_doors, shop,
          shop
D:6:      grunt_gozag_statues, kennysheep_mini_moat, uniq_edmund
D:7:      black_bear_nest_2, minmay_temple_entry_enclosed_plants
D:8:      lemuel_crystal_altar, grunt_dithmenos_shadows, basic_altar,
          serial_glass, glass_columns_c, glass_columns_a, due_unseen_surprise,
          minmay_strange_pillars, minmay_strange_pillars
D:9:      overflow_temple_1_default, lair_entry_dummy, uniq_prince_ribbit1
D:10:     nrook_pool_corridor
Lair:1:   st_stairs_12, serial_bayou_pond_d, infiniplex_staircase_pool,
          lemuel_fruit_tree, grunt_megastairs_2
Lair:2:   grunt_megastairs_4, uniq_harold
Lair:3:   minmay_shoals_entry_hut, minmay_snake_entry_guardpost_small,
          portal_ice_cave_entry_ice_beasts, minmay_lair_oklob_chamber
Ossuary:  minmay_ossuary_two_tombs
IceCv:    ice_cave_caverns_03

Skill      XL: |  1  2  3  4  5  6  7  8  9 10 11 12 |
---------------+-------------------------------------+-----
Unarmed Combat | 4 5 7 8 9 10 11 12 13 | 13.7
Dodging        | 3 4 5 6 7 |  7.3
Fighting       | 3 4 5 6 7 |  7.3
Armour         | 1 2 3 4 5 6 |  6.8
Throwing       | 2 3 4 6 |  6.0
Shields        | 1 3 4 5 |  5.8
Stealth        | |  1.0

Action                   |  1- 3 |  4- 6 |  7- 9 | 10-12 || total
-------------------------+-------+-------+-------+-------++-------
Melee: Unarmed           |    93 |   127 |   524 |   681 ||  1425
       Punch             |     2 |     2 |    17 |       ||    21
Throw: Stone             |     6 |       |    75 |   167 ||   248
       Tomahawk          |       |       |     6 |     5 ||    11
       Throwing net      |       |       |       |     2 ||     2
Invok: Sacrifice Arcana  |       |       |     1 |       ||     1
       Reject Sacrifices |       |       |     1 |     1 ||     2
Evoke: Wand              |       |       |       |    11 ||    11
  Use: Potion            |     3 |     3 |     5 |     5 ||    16
       Scroll            |       |     2 |    15 |     5 ||    22
 Stab: Sleeping          |     1 |     1 |       |       ||     2
       Distracted        |       |       |     1 |       ||     1
       Invisible         |       |       |       |     2 ||     2
       Petrified         |       |       |       |     3 ||     3
  Eat: Chunk             |    16 |    13 |    48 |    52 ||   129
Armor: Robe              |    41 |    41 |    10 |       ||    92
       Swamp dragon scal |       |       |   205 |   228 ||   433
Dodge: Dodged            |    54 |    47 |   226 |   209 ||   536
Block: Shield            |       |       |    47 |   220 ||   267
